 Dungeon Crawl Stone Soup version 0.13-a0-2519-g3c5fe84 (webtiles) character file.

17630 4tharraofdagon the Reanimator (level 12, -4/49 HPs)
             Began as a Felid Necromancer on July 24, 2013.
             Was a High Priest of Sif Muna.
             Killed from afar by a deep elf mage (29 damage)
             ... with a shard of ice
             ... on Level 3 of the Orcish Mines.
             The game lasted 02:41:58 (13032 turns).

4tharraofdagon the Reanimator (Felid Necromancer)  Turns: 13032, Time: 02:41:58

HP  -4/49        AC  3     Str  7      XL: 12   Next:  7%
MP  21/31        EV 23     Int 22      God: Sif Muna [*****.]
Gold 1431        SH  0     Dex 16      Spells:  9 memorised,  0 levels left
Lives: 0, deaths: 3

Res.Fire  : . . .   See Invis. : +   (weapon unavailable)
Res.Cold  : + . .   Warding    : .   (armour unavailable)
Life Prot.: . . .   Conserve   : .   (shield unavailable)
Res.Poison: .       Res.Corr.  : +   (helmet unavailable)
Res.Elec. : .       Clarity    : .   (cloak unavailable)
Sust.Abil.: . .     Spirit.Shd : .   (gloves unavailable)
Res.Mut.  : .       Stasis     : .   (boots unavailable)
Res.Rott. : .       Flight     : .   i - amulet of resist corrosion
Saprovore : . . .                    A - ring of wizardry
                                     r - +3 ring of strength

@: quick, quite resistant to hostile enchantments, quite stealthy
A: paw claws, no armour, no advanced items, fangs 3, see invisible, carnivore 3,
speed 1, slow metabolism 1, AC +3
a: Channel Energy, Forget Spell, Renounce Religion


You were on level 3 of the Orcish Mines.
You worshipped Sif Muna.
Sif Muna was exalted by your worship.
You were full.

You visited 4 branches of the dungeon, and saw 24 of its levels.
You also visited: Labyrinth and Volcano.

You collected 1495 gold pieces.
You spent 84 gold pieces at shops.

Inventory:

Comestibles
 c - 7 meat rations
Scrolls
 f - 4 scrolls of remove curse
 o - 3 scrolls of teleportation
 F - 2 scrolls of identify
 H - 3 scrolls of magic mapping
Jewellery
 b - an uncursed amulet of stasis
 d - an uncursed ring of protection from cold
 g - an uncursed ring of teleportation
 h - an uncursed ring of magical power
 i - an amulet of resist corrosion (around neck)
 j - an uncursed ring of sustenance
 r - a +3 ring of strength (left paw)
 v - an uncursed ring of magical power
 w - an uncursed ring of protection from fire
 A - a ring of wizardry (right paw)
 G - an uncursed ring of wizardry
Potions
 a - 6 potions of curing
 e - 2 potions of cure mutation
 m - a potion of flight
 q - 4 potions of brilliance
 s - 2 potions of restore abilities
 t - 3 potions of invisibility
 E - a potion of might
 I - a potion of agility
 J - 2 potions of speed
Books
 k - Sif Muna's Grimoire of the Eight Boll Weevils
   (Sif Muna gifted it to you on level 6 of the Lair of Beasts)

   Spells                             Type                      Level
   Summon Butterflies                 Summoning                    1
   Summon Small Mammal                Summoning                    1
   Call Canine Familiar               Summoning                    3
   Recall                             Summoning/Translocation      3
   Summon Elemental                   Summoning                    4
   *Haunt                             Necromancy/Summoning         7
 l - a book of Summonings

   Spells                             Type                      Level
   Abjuration                         Summoning                    3
   Recall                             Summoning/Translocation      3
   Summon Elemental                   Summoning                    4
   Shadow Creatures                   Summoning                    5
   Summon Demon                       Summoning                    5
   *Summon Ugly Thing                 Summoning                    6
 n - a book of Annihilations {highlevel}

   This book is beyond your current level of understanding.

   Spells                             Type                      Level
   Poison Arrow                       Conjuration/Poison           6
   Orb of Destruction                 Conjuration                  7
   Chain Lightning                    Conjuration/Air              8
   Lehudib's Crystal Spear            Conjuration/Earth            8
   Ice Storm                          Conjuration/Ice              9
   Fire Storm                         Conjuration/Fire             9
 u - a book of Callings

   Spells                             Type                      Level
   Summon Small Mammal                Summoning                    1
   Call Imp                           Summoning                    2
   Call Canine Familiar               Summoning                    3
   Summon Scorpions                   Summoning/Poison             4
   Summon Ice Beast                   Ice/Summoning                4
 x - the Reference Book on the Lethal Arsonist
   (You found it on level 8 of the Lair of Beasts)

   Spells                             Type                      Level
   Flame Tongue                       Conjuration/Fire             1
   Fire Brand                         Charms/Fire                  2
   Throw Flame                        Conjuration/Fire             2
   Inner Flame                        Hexes/Fire                   3
   Ignite Poison                      Fire/Transmutation           5
   Delayed Fireball                   Conjuration/Fire             7


   Skills:
 - Level 6.0 Fighting
 - Level 8.5 Dodging
 - Level 2.6 Stealth
 + Level 9.8 Spellcasting
 + Level 8.8 Summonings
 * Level 12.9 Necromancy
 - Level 5.3 Translocations
 - Level 8.1 Invocations


You couldn't memorise any spells.
You knew the following spells:

 Your Spells              Type           Power        Failure   Level  Hunger
a - Pain                  Necr           ####         1%          1    None
b - Vampiric Draining     Necr           ######....   1%          3    None
c - Animate Skeleton      Necr           N/A          1%          1    None
d - Regeneration          Chrm/Necr      #####.....   1%          3    None
e - Control Undead        Necr           ######....   1%          4    ##.....
f - Animate Dead          Necr           N/A          1%          4    ##.....
g - Summon Ugly Thing     Summ           #####.....   11%         6    ######.
h - Haunt                 Necr/Summ      ######....   36%         7    #######
i - Apportation           Tloc           ####......   1%          1    None


Dungeon Overview and Level Annotations

Branches:
Dungeon (12/27)            Temple (1/1) D:4             Orc (3/4) D:8
   Lair (8/8) D:11          Swamp (0/5) Lair:4        Slime (0/6) Lair:6
    Elf: Orc:3-4     Shoals: Lair:3-6     Snake: Lair:3-6    Spider: Lair:3-6

Altars:
Fedhas
Makhleb
Sif Muna
Trog
Vehumet

Shops:
D:5: ( Orc:1: *

Portals:
Ziggurat: D:4 (4110 gp)

Annotations
D:4 Grinder
D:8 Erolcha
D:11 Sonja
Lair:3 SNAKE
Lair:4 SWAMP, Fannar


Innate Abilities, Weirdness & Mutations

You cannot wear armour.
You are incapable of any advanced item manipulation.
Your paws have sharp claws.
You have razor-sharp teeth.
You have supernaturally acute eyesight.
You are carnivorous and can eat meat at any time.
You cover ground quickly.
Your thick and shaggy fur keeps you warm (AC +3, rC+).
You have a slow metabolism.


Message History

Your orc skeleton is unaffected.
Your orc zombie is unaffected.
Your orc zombie is unaffected.
The deep elf fighter mumbles some strange words.
The deep elf fighter blinks!
The deep elf fighter starts to cry.
The deep elf mage casts a spell at you. The shard of ice misses you.
Unknown command.
Unknown command.
Drink which item? (? for menu, Esc to quit)
You feel better.
The deep elf fighter pleads, "Please don't kill me!"
Unknown command.
Drink which item? (? for menu, Esc to quit)
You feel better.
Unknown command.
The deep elf mage gestures at you while chanting.
The shard of ice hits you! You partially resist.
Ouch! That really hurt!
You die...

## ##.##.....#
##.#######........##
#....##.#...)).....##
#.......#..........#
##.#..#.#...))..#...#
#......#....<>........
##.##e.#...))........
# #......)uu........
###....)zz@..#...#.
##.##.#..(e.........
#.$.#..........z#.#
#.............#...
#.................
##.#..e..........
##.........#...
#.......)###...$
#....#...#§≈ #


You could see a deep elf fighter (fleeing), 2 deep elf magi, a friendly cyan
very ugly thing, a friendly cyan ugly thing, 2 friendly orc zombies and a
friendly orc skeleton.

Vanquished Creatures
  A death yak (Lair:8)
  Pikel (D:6)
  Joseph (D:11)
  An orc sorcerer (Orc:2)
  6 elephants
  Psyche (Orc:2)
  2 spiny frogs (Lair:8)
  3 komodo dragons
  4 slime creatures
  A two-headed ogre (Volcano)
  A troll (Orc:1)
  3 blink frogs (Lair:1)
  A basilisk (Lair:7)
  7 porcupines
  A grizzly bear (Lair:7)
  4 wolves
  9 yaks
  Grum (D:9)
  2 deep elf fighters (Orc:3)
  2 manticores
  4 hippogriffs
  A black bear (D:9)
  5 orc warriors
  3 ice beasts
  A phantom (Orc:1)
  A sky beast (D:9)
  4 centaurs
  5 ogres
  A slave (D:7)
  A giant slug (Lair:2)
  8 crocodiles
  Blork the orc (D:5)
  A warg (Lair:8)
  10 water moccasins
  4 giant frogs
  A manticore skeleton (D:10)
  3 killer bees (D:10)
  A goliath beetle (D:9)
  2 giant frog zombies (D:11)
  3 hounds
  9 orc priests
  A centaur skeleton (D:7)
  11 orc wizards
  3 iguanas
  3 scorpions
  4 worker ants
  9 sheep
  Ijyb (D:4)
  A jelly (D:9)
  A crocodile skeleton (Lair:8)
  3 gnolls (D:5)
  13 green rats
  10 adders
  2 giant centipedes
  2 worms
  2 giant eyeballs
  A giant gecko (D:3)
  73 orcs
  9 bats
  A bat zombie (D:5)
  6 giant cockroaches
  8 goblins
  12 hobgoblins
  9 jackals
  11 kobolds
  3 quokkas
  3 giant newts
  An orc skeleton (D:8)
  16 rats
  A rat skeleton (D:5)
341 creatures vanquished.

Vanquished Creatures (collateral kills)
  Harold (Orc:2)
  9 death yaks
  3 catoblepae (Lair:8)
  A hill giant (D:10)
  3 elephants
  5 spiny frogs
  A fire drake (Lair:8)
  5 komodo dragons
  A two-headed ogre (D:11)
  10 blink frogs
  A slime creature (D:11)
  2 trolls
  A basilisk (Lair:6)
  2 deep elf fighters (Orc:3)
  An ugly thing (Orc:3)
  24 yaks
  A hippogriff (Lair:1)
  A wyvern (Lair:8)
  A hungry ghost (D:11)
  Edmund (D:5)
  A hell hound (Lair:6)
  A hill giant skeleton (D:10)
  A wolf (Lair:5)
  A porcupine (Lair:1)
  An orc warrior (D:10)
  An ogre (Orc:2)
  A centaur (D:11)
  2 giant frogs
  A water moccasin (Lair:5)
  6 giant slugs
  4 agate snails
  4 wights
  2 killer bees (D:10)
  A yak skeleton (D:10)
  A crimson imp (D:8)
  2 hounds
  3 orc priests
  A centaur skeleton (D:7)
  A giant frog skeleton (D:9)
  4 orc wizards
  A jelly (D:8)
  An iguana (Lair:1)
  A worker ant (D:5)
  5 sheep
  2 green rats
  2 adders
  An adder skeleton (D:4)
  A giant eyeball (D:10)
  An iguana zombie (D:8)
  24 orcs
  A bat (Lair:6)
  2 hobgoblins
  2 jackals (Lair:3)
  A rat (Lair:1)
  2 plants
160 creatures vanquished.

Vanquished Creatures (others)
  A wizard (D:8)
  4 death yak zombies
  A death yak skeleton (Lair:8)
  A catoblepas skeleton (Lair:8)
  A felid skeleton (Lair:8)
  An ugly thing (Orc:3)
  2 wraiths (Lair:8)
  25 wolves
  A hill giant skeleton (D:10)
  An agate snail zombie (Lair:3)
  A spiny frog zombie (Lair:8)
  4 blink frog zombies
  2 elephant zombies (Lair:8)
  3 elephant skeletons
  4 blink frog skeletons (Lair:1)
  9 wargs
  2 hippogriff zombies
  5 yak zombies (Lair:1)
  3 yak skeletons
  A wolf skeleton (D:9)
  50 hounds
  3 giant frog skeletons
  3 water moccasin zombies
  A giant frog zombie (Lair:1)
  A basilisk zombie (Lair:6)
  2 centaur skeletons
  An orc wizard (Orc:2)
  A porcupine zombie (Lair:6)
  A water moccasin skeleton (D:9)
  A porcupine skeleton (Lair:1)
  4 killer bee zombies (D:10)
  2 crocodile skeletons
  2 ogre skeletons
  2 hound skeletons
  An iguana zombie (Lair:1)
  A sheep zombie (Lair:8)
  5 adder skeletons
  2 iguana skeletons
  An orc (D:8)
  A bat skeleton (Lair:6)
  A green rat zombie (Lair:6)
  49 jackals
  A goblin skeleton (D:3)
  A goblin zombie (Orc:1)
  3 hobgoblin skeletons
  A hobgoblin zombie (Orc:3)
  4 jackal skeletons
  2 kobold skeletons
  20 orc skeletons
  23 orc zombies
  A quokka skeleton (Lair:1)
  6 rat skeletons
  A fungus (Lair:6)
  4 plants (Lair:8)
274 creatures vanquished.

Grand Total: 775 creatures vanquished

Notes
Turn   | Place    | Note
--------------------------------------------------------------
     0 | D:1      | 4tharraofdagon, the Felid Necromancer, began the quest for the Orb.
     0 | D:1      | Reached XP level 1. HP: 7/7 MP: 4/4
   117 | D:2      | Reached XP level 2. HP: 3/11 MP: 2/5
   676 | D:2      | Reached XP level 3. HP: 3/14 MP: 6/8
   685 | D:2      | Learned a level 3 spell: Vampiric Draining
   741 | D:2      | Learned a level 1 spell: Animate Skeleton
  1412 | D:3      | Found a radiant altar of Vehumet.
  1490 | D:3      | Bloax: you are so dead now
  1539 | D:4      | Found a staircase to the Ecumenical Temple.
  1545 | Temple   | Entered the Ecumenical Temple
  1565 | Temple   | Became a worshipper of Sif Muna the Loreminder
  1595 | D:4      | 4tharraofdagon: im so close
  1595 | D:4      | 4tharraofdagon: to xtra life
  1717 | D:4      | Reached XP level 4. HP: 18/18 MP: 11/11
  1850 | D:4      | Noticed Grinder
  1933 | D:5      | Entered Level 5 of the Dungeon
  1933 | D:5      | Noticed Ijyb
  1946 | D:4      | Killed Ijyb
  1946 | D:4      | Reached skill level 5 in Necromancy
  2136 | D:4      | Reached skill level 1 in Fighting
  2145 | D:4      | Noticed an ogre
  2173 | D:4      | Killed an ogre
  2173 | D:4      | Reached XP level 5. HP: 9/21 MP: 13/13
  2186 | D:4      | Learned a level 3 spell: Regeneration
  2200 | D:4      | Bloax: have you seen an ogre wielding a dire flail before
  2210 | D:4      | Found a deep blue altar of Sif Muna.
  2235 | D:4      | 4tharraofdagon: no lol
  2244 | D:4      | Found a gateway to a ziggurat.
  2250 | D:4      | Bloax: Neither have I.
  2251 | D:4      | 4tharraofdagon: cheap zig ofcourse with the char non suited for it
  2293 | D:4      | Bloax: Maybe later. :p
  2340 | D:4      | Bloax: Unless you're rushing very hard for a 3-runer.
  2377 | D:4      | Bloax: lol
  2377 | D:4      | 4tharraofdagon: ill see how my summons will work out later
  2377 | D:4      | 4tharraofdagon: i didnt played new summons yet
  2433 | D:5      | 4tharraofdagon: ill try to push necromutation asap
  2598 | D:5      | Noticed Blork the orc
  2612 | D:5      | Killed Blork the orc
  2612 | D:5      | Gained mutation: You are covered in thick fur (AC +2). [growing up]
  2612 | D:5      | Reached XP level 6. HP: 23/25 MP: 12/16
  2637 | D:5      | Bloax: skleleton
  2703 | D:6      | Reached skill level 5 in Dodging
  2869 | D:6      | Noticed Pikel
  2996 | D:7      | Acquired Sif Muna's first power
  2996 | D:7      | Reached skill level 6 in Necromancy
  3024 | D:6      | Reached skill level 1 in Invocations
  3024 | D:6      | Reached XP level 7. HP: 19/28 MP: 18/18
  3095 | D:6      | Killed Pikel
  3095 | D:6      | Reached XP level 8. HP: 28/33 MP: 19/20
  3151 | D:5      | Noticed a centaur
  3160 | D:5      | Killed a centaur
  3175 | D:5      | Found Etac's Antique Weapon Shoppe.
  3191 | D:5      | Noticed Edmund
  3201 | D:5      | Killed Edmund
  3390 | D:7      | Learned a level 4 spell: Control Undead
  3393 | D:8      | Found a bloodstained altar of Trog.
  3393 | D:8      | Noticed Erolcha
  3625 | D:8      | Found a staircase to the Orcish Mines.
  3794 | D:7      | Reached skill level 5 in Invocations
  3796 | D:7      | Reached skill level 7 in Dodging
  4001 | D:9      | Noticed Grum
  4038 | D:9      | Reached XP level 9. HP: 19/37 MP: 22/22
  4062 | D:9      | Acquired Sif Muna's second power
  4093 | D:9      | Killed Grum
  4107 | D:9      | Reached skill level 5 in Fighting
  4380 | D:9      | 4tharraofdagon: fuck
  4380 | D:9      | 4tharraofdagon: damn staff
  4380 | D:9      | Bloax: motherfucker
  4411 | D:8      | Paralysed by Erolcha for 7 turns
  4412 | D:8      | Killed from afar by Erolcha
  4413 | D:8      | Reached XP level 8. HP: 0/34 MP: 26/30
  4419 | D:8      | Paralysed by Erolcha for 2 turns
  4421 | D:8      | Demolished by Erolcha
  4422 | D:8      | Reached XP level 7. HP: -15/30 MP: 24/29
  4422 | D:8      | Noticed a wizard
  4435 | D:8      | Killed a wizard
  4719 | D:9      | Reached skill level 5 in Spellcasting
  4746 | D:9      | Reached XP level 8. HP: 21/34 MP: 22/22
  4767 | D:10     | Entered Level 10 of the Dungeon
  4817 | D:10     | NOPE: HELLO
  4837 | D:10     | Reached skill level 8 in Dodging
  4925 | D:10     | Paralysed by a giant eyeball for 4 turns
  5035 | D:10     | 4tharraofdagon: hi
  5052 | D:10     | Noticed a hill giant
  5067 | D:10     | Killed a hill giant
  5099 | D:10     | Bloax: hi
  5132 | D:10     | NOPE: YO
  5135 | D:10     | Reached XP level 9. HP: 31/37 MP: 23/24
  5150 | D:10     | Learned a level 4 spell: Animate Dead
  5170 | D:10     | Noticed a troll
  5173 | D:10     | Paralysed by a giant eyeball for 4 turns
  5186 | D:10     | Killed a troll
  5190 | D:10     | Bloax: was that doublesmite
  5267 | D:10     | Learned a level 3 spell: Call Canine Familiar
  5267 | D:10     | 4tharraofdagon: spammals still op?
  5471 | D:11     | Paralysed by a giant eyeball for 4 turns
  5485 | D:11     | Paralysed by a giant eyeball for 4 turns
  5576 | D:11     | Reached skill level 1 in Summonings
  5703 | D:12     | Noticed an eight-headed hydra
  5758 | D:11     | Found a staircase to the Lair.
  5758 | D:11     | Noticed an elephant
  5765 | D:11     | Noticed an elephant
  5779 | D:11     | NOPE: cool lair entrance
  5806 | D:11     | Killed an elephant
  5831 | D:11     | Noticed an elephant
  5850 | D:11     | Killed an elephant
  5978 | D:11     | Killed an elephant
  5978 | D:11     | Reached XP level 10. HP: 39/42 MP: 21/26
  6086 | D:11     | 4tharraofdagon: mp>hp
  6092 | D:11     | Learned a level 1 spell: Summon Small Mammal
  6114 | Lair:1   | Entered Level 1 of the Lair of Beasts
  6175 | Lair:1   | Acquired Sif Muna's third power
  6247 | Lair:1   | Reached skill level 5 in Summonings
  6299 | Lair:1   | Reached skill level 9 in Necromancy
  6674 | Lair:1   | Reached XP level 11. HP: 26/45 MP: 28/28
  6779 | Lair:1   | Reached skill level 10 in Necromancy
  6908 | Lair:2   | Found a blossoming altar of Fedhas.
  6985 | Lair:3   | Bloax: *snort*
  7038 | Lair:3   | Found a labyrinth entrance.
  7049 | Lab      | Entered a labyrinth
  7201 | Lab      | Noticed a minotaur
  7322 | Lab      | Bloax: cboe :D
  7325 | Lab      | Learned a level 1 spell: Apportation
  7329 | Lab      | Learned a level 2 spell: Blink
  7435 | Lair:3   | 4tharraofdagon: whats the limit of tames now
  7435 | Lair:3   | 4tharraofdagon: clvl?
  7592 | Lair:4   | Noticed Fannar
  7720 | Lair:4   | Bloax: Tames?
  7722 | Lair:4   | Found a staircase to the Swamp.
  7734 | Lair:4   | 4tharraofdagon: summons
  7742 | Lair:4   | Bloax: Usually 3 it seems.
  7751 | Lair:4   | 4tharraofdagon: what 3
  7789 | Lair:5   | Reached skill level 1 in Translocations
  7818 | Lair:5   | 4tharraofdagon: 3summons?
  7818 | Lair:5   | 4tharraofdagon: are you serious?
  7818 | Lair:5   | 4tharraofdagon: i wont be able to kill a shit
  7818 | Lair:5   | 4tharraofdagon: tollias
  7818 | Lair:5   | 4tharraofdagon: hi
  7857 | Lair:5   | NOPE: YO TOLIAS
  8140 | Lair:6   | 4tharraofdagon: nope
  8143 | Lair:6   | 4tharraofdagon: what is the formula for summons cap
  8158 | Lair:6   | NOPE: dunno I don't play with summons
  8242 | Lair:6   | Received a gift from Sif Muna
  8242 | Lair:6   | Reached skill level 5 in Translocations
  8243 | Lair:6   | Identified Sif Muna's Grimoire of the Eight Boll Weevils (Sif Muna gifted it to you on level 6 of the Lair of Beasts)
  8246 | Lair:6   | 4tharraofdagon: i must check
  8278 | Lair:6   | Found a dark tunnel.
  8299 | Volcano  | Entered a volcano
  8678 | Lair:8   | Entered Level 8 of the Lair of Beasts
  8980 | Lair:6   | Found a staircase to the Slime Pits.
  9007 | Lair:6   | sirdond: hi
  9008 | Lair:6   | 4tharraofdagon: hi
  9036 | Lair:6   | Reached skill level 11 in Necromancy
  9379 | Lair:8   | Gained mutation: Your thick and shaggy fur keeps you warm (AC +3, rC+). [growing up]
  9379 | Lair:8   | Reached XP level 12. HP: 27/49 MP: 4/30
  9487 | Lair:8   | Noticed a catoblepas
  9514 | Lair:8   | Killed a catoblepas
  9540 | Lair:8   | Noticed a death yak
  9540 | Lair:8   | Noticed a death yak
  9567 | Lair:8   | Killed a death yak
  9582 | Lair:8   | Noticed a death yak
  9637 | Lair:8   | Killed a death yak
  9640 | Lair:8   | Noticed a death yak
  9668 | Lair:8   | Killed a death yak
  9673 | Lair:8   | Turgon: 49 max HP in the vault in L:8
  9675 | Lair:8   | Turgon: incredible cat
  9705 | Lair:8   | Noticed a death yak
  9750 | Lair:8   | Killed a death yak
  9769 | Lair:8   | Learned a level 7 spell: Haunt
  9775 | Lair:8   | Turgon: pot of brilliance and you can cast haunt
  9779 | Lair:8   | 4tharraofdagon: ye
  9779 | Lair:8   | 4tharraofdagon: im saving
  9787 | Lair:8   | Turgon: :-)
  9788 | Lair:8   | Noticed a death yak
  9807 | Lair:8   | Noticed a death yak
  9808 | Lair:8   | Noticed a death yak
  9811 | Lair:8   | Killed a death yak
  9811 | Lair:8   | Received a gift from Sif Muna
  9817 | Lair:8   | Noticed a death yak
  9849 | Lair:8   | Noticed a death yak
  9883 | Lair:8   | Killed a death yak
 10015 | Lair:8   | Turgon: Hey, this is cat-yak-dancing
 10040 | Lair:8   | Turgon: Some tango as music?
 10043 | Lair:8   | Turgon: :-)
 10060 | Lair:8   | Killed a death yak
 10098 | Lair:7   | Killed a death yak
 10098 | Lair:7   | Reached skill level 12 in Necromancy
 10193 | Lair:7   | Killed a death yak
 10218 | Lair:7   | Killed a death yak
 10235 | Lair:7   | 4tharraofdagon: cat vs death yaks
 10235 | Lair:7   | Turgon: indeed
 10235 | Lair:7   | 4tharraofdagon: how riddiculous this sounds
 10307 | Lair:8   | Bloax: how about a cat utterly destroying stone giants
 10309 | Lair:8   | Turgon: I guess you're greedy to get haunt castable
 10323 | Lair:7   | Turgon: Haunt and things may become easy
 10337 | Lair:7   | 4tharraofdagon: i struggle with food
 10378 | Lair:8   | Turgon: -> staff energy :-)
 10382 | Lair:8   | Turgon: Find or buy or acquire
 10407 | Lair:8   | 4tharraofdagon: i cant wield anything
 10407 | Lair:8   | 4tharraofdagon: but rings
 10407 | Lair:8   | 4tharraofdagon: remember
 10407 | Lair:8   | Turgon: oh, no staves?
 10407 | Lair:8   | 4tharraofdagon: no anything
 10407 | Lair:8   | Turgon: didn't know that
 10407 | Lair:8   | Turgon: You see, I never really played cats
 10407 | Lair:8   | 4tharraofdagon: im using all 4 paws for walking
 10410 | Lair:8   | Turgon: ok
 10414 | Lair:8   | Noticed a catoblepas
 10472 | Lair:8   | Turgon: cat-catoblepas dancing
 10525 | Lair:8   | Turgon: That's funny to look at (but hard to play I think)
 10530 | Lair:8   | Bloax: just drain it
 10530 | Lair:8   | Bloax: (just and just)
 10530 | Lair:8   | Bloax: (stop trying to breach its mr)
 10531 | Lair:8   | Mangled by a catoblepas
 10532 | Lair:8   | Reached XP level 11. HP: -8/45 MP: 0/29
 10589 | Lair:8   | Turgon: What happened?
 10593 | Lair:8   | Turgon: Miscast vampiric?
 10593 | Lair:8   | 4tharraofdagon: no
 10593 | Lair:8   | Bloax: misstep
 10593 | Lair:8   | 4tharraofdagon: i couldnt kill it
 10609 | Lair:8   | Killed a catoblepas
 10621 | Lair:8   | Turgon: Losing a level is hard
 10625 | Lair:8   | 4tharraofdagon: plz
 10625 | Lair:8   | 4tharraofdagon: dont depress me
 10662 | Lair:8   | Turgon: ok
 10682 | Lair:8   | Noticed a catoblepas
 10737 | Lair:8   | Your ally 4tharraofdagon died
 10760 | Lair:8   | Killed a catoblepas
 10792 | Lair:8   | Identified the Reference Book on the Lethal Arsonist
 11439 | D:11     | Noticed Joseph
 11462 | D:11     | Killed Joseph
 11562 | D:11     | Noticed Sonja
 11956 | Orc:1    | Entered Level 1 of the Orcish Mines
 12100 | Orc:1    | Found Etar's General Store.
 12118 | Orc:1    | Bought a cursed -6 ring of dexterity for 24 gold pieces
 12118 | Orc:1    | Bought a cursed ring of hunger for 24 gold pieces
 12118 | Orc:1    | Bought a potion of restore abilities for 36 gold pieces
 12171 | Orc:1    | 4tharraofdagon: i just wonder
 12171 | Orc:1    | 4tharraofdagon: how im goin to survive hells
 12171 | Orc:1    | 4tharraofdagon: when to kill anything i will have to tank smites and hellfires
 12171 | Orc:1    | 4tharraofdagon: and struggle with no healing
 12267 | Orc:1    | Bloax: 1) get ice storm
 12273 | Orc:1    | Bloax: 2) kill things
 12281 | Orc:1    | Bloax: 3) run run run run run run run
 12281 | Orc:1    | 4tharraofdagon: ya
 12296 | Orc:1    | 4tharraofdagon: that will take centure
 12296 | Orc:1    | 4tharraofdagon: century
 12472 | Orc:2    | Noticed Psyche
 12488 | Orc:2    | Noticed Harold
 12489 | Orc:2    | Killed Psyche
 12495 | Orc:2    | 4tharraofdagon: haste wand
 12495 | Orc:2    | 4tharraofdagon: of course
 12643 | Orc:2    | Killed Harold
 12643 | Orc:2    | Reached XP level 12. HP: 49/49 MP: 28/31
 12781 | Orc:1    | 4tharraofdagon: i smell
 12781 | Orc:1    | 4tharraofdagon: weapon and armor shops
 12913 | Orc:2    | Received a gift from Sif Muna
 12924 | Orc:2    | Learned a level 6 spell: Summon Ugly Thing
 13014 | Orc:3    | Bloax: what about wand shops
 13014 | Orc:3    | 4tharraofdagon: ye these are usefull to
 13026 | Orc:3    | HP: 2/49 [deep elf fighter/puff of flame (13)]
 13032 | Orc:3    | Killed from afar by a deep elf mage

Action                   |  1- 3 |  4- 6 |  7- 9 | 10-12 || total
-------------------------+-------+-------+-------+-------++-------
Melee: Unarmed           |     7 |    17 |   104 |   212 ||   340
 Cast: Pain              |    61 |    80 |   236 |   314 ||   691
       Vampiric Draining |     9 |    16 |   115 |   344 ||   484
       Animate Skeleton  |     8 |    14 |    40 |    50 ||   112
       Regeneration      |       |     7 |    31 |    37 ||    75
       Control Undead    |       |       |     4 |     2 ||     6
       Animate Dead      |       |       |     3 |    63 ||    66
       Call Canine Famil |       |       |     2 |   225 ||   227
       Summon Small Mamm |       |       |       |     9 ||     9
       Apportation       |       |       |       |     1 ||     1
       Summon Ugly Thing |       |       |       |     5 ||     5
       Haunt             |       |       |       |     1 ||     1
Invok: Channel Energy    |       |     8 |   164 |   537 ||   709
       Forget Spell      |       |       |       |     3 ||     3
  Use: Potion            |     1 |       |     4 |    10 ||    15
       Scroll            |       |     3 |     7 |    24 ||    34
 Stab: Sleeping          |     1 |       |     1 |       ||     2
       Distracted        |       |       |     2 |     4 ||     6
